 Dungeon Crawl Stone Soup version 0.23.1 (webtiles) character file.

Game seed: 2731157992989366366

345 misha the Cudgeler (level 6, 0/53 HPs)
             Began as a Minotaur Fighter on Mar 3, 2019.
             Was an Initiate of Trog.
             Slain by a river rat (2 damage)
             ... summoned by Eustachio
             ... on level 4 of the Dungeon.
             The game lasted 00:10:29 (3435 turns).

misha the Cudgeler (Minotaur Fighter)               Turns: 3435, Time: 00:10:30

Health: 0/53       AC:  7    Str: 22    XL:     6   Next: 32%
Magic:  5/5        EV:  8    Int:  5    God:    Trog [......]
Gold:   126        SH: 10    Dex: 10    Spells: 5/5 levels left

rFire    . . .     SeeInvis .   a - +0 flail
rCold    . . .     Gourm    .   c - +0 shield
rNeg     . . .     Faith    .   b - +0 scale mail
rPois    .         Spirit   .   (helmet restricted)
rElec    .         Reflect  .   (no cloak)
rCorr    .         Harm     .   (no gloves)
MR       .....                  (no boots)
Stlth    ..........             (no amulet)
HPRegen  0.17/turn              (no ring)
MPRegen  0.09/turn              (no ring)

@: no status effects
A: retaliatory headbutt, horns 2
a: Renounce Religion


You were on level 4 of the Dungeon.
You worshipped Trog.
Trog was noncommittal.
You were not hungry.

You visited 1 branch of the dungeon, and saw 7 of its levels.

You collected 126 gold pieces.

Inventory:

Hand Weapons
 a - a +0 flail (weapon)
Missiles
 l - 3 curare-tipped needles (quivered)
Armour
 b - a +0 scale mail (worn)
 c - a +0 shield (worn)
Jewellery
 n - a +5 ring of evasion {unknown}
 r - an uncursed ring of positive energy {unknown}
Scrolls
 i - 3 scrolls of identify {unknown}
 j - 5 scrolls of amnesia {unknown}
 k - a scroll of magic mapping {unknown}
 m - a scroll of enchant weapon {unknown}
 o - 2 scrolls of remove curse {unknown}
Potions
 d - 2 potions of might
 e - 3 potions of curing {unknown}
 g - 2 potions of lignification {unknown}
 h - 2 potions of brilliance {unknown}
 p - a potion of flight {unknown}
 q - a potion of mutation {unknown}
Comestibles
 f - 5 rations


   Skills:
 + Level 4.6 Fighting
 + Level 5.4 Maces & Flails
 + Level 5.0 Armour
 + Level 1.3 Dodging
 + Level 5.0 Shields


You had 5 spell levels left.
You didn't know any spells.
Your spell library was empty.

Dungeon Overview and Level Annotations

Branches:
Dungeon (7/15)
 Temple: D:4-7

Altars:
Fedhas
Qazlal
Trog
The Shining One

Annotations:
D:4 Eustachio


Innate Abilities, Weirdness & Mutations

You reflexively headbutt those who attack you in melee.
You have a pair of horns on your head.


Message History

You toss away a curare-tipped needle.
The curare-tipped needle closely misses the shadow imp.
The curare-tipped needle barely misses Eustachio.
The ufetubus hits you but does no damage.
The ufetubus barely misses you. The shadow imp hits you.
* * * LOW HITPOINT WARNING * * *
The crimson imp barely misses you. The river rat bites you.
* * * LOW HITPOINT WARNING * * *
The ufetubus hits you but does no damage.
You block the ufetubus's attack. You block the shadow imp's attack.
The crimson imp barely misses you. You furiously retaliate!
You headbutt the crimson imp. You barely miss Eustachio.
Your headbutt misses Eustachio.
Eustachio is heavily wounded.
The ufetubus hits you but does no damage.
The ufetubus hits you.
* * * LOW HITPOINT WARNING * * *
The river rat twitches its whiskers.
The river rat bites you.
You die...

....##.##.#>#......#.#
##..#.. #.#.#........# # .##.
#..........# .....
#..........# #..#
#.#..........# ..#
#.#..........#
.########.#..........####
................5@......#
...............5@5.%....#
...............r######.######
................#§§§§#.#§§§§#
....=.........(.#§§§§#.#§§§§#
................#§§§§#)#§§§§#
...........<....#§§§§#_#§§§§#
..............###§§§§###§§§§#
............#.# #§§§§§8§§§§§#
..........#.#.# #§§§§§§§§§§§#


You could see Eustachio, a crimson imp, a river rat, a shadow imp and an
ufetubus.

Vanquished Creatures
  A phantom (D:5)
  An orc wizard (D:3)
  2 worker ants
  A hound skeleton (D:5)
  6 adders
  2 oozes
  An adder skeleton (D:5)
  4 worms
  6 dart slugs
  A leopard gecko (D:2)
  9 orcs
  5 giant cockroaches
  5 goblins
  2 hobgoblins
  12 jackals
  A quokka (D:3)
  A ball python skeleton (D:5)
  3 bats
  5 frilled lizards
  A jackal zombie (D:5)
  4 kobolds
  A leopard gecko zombie (D:5)
  8 rats
82 creatures vanquished.

Notes
Turn   | Place    | Note
-------+----------+-------------------------------------------
     0 | D:1      | misha the Minotaur Fighter began the quest for the Orb.
     0 | D:1      | Reached XP level 1. HP: 19/19 MP: 0/0
    66 | D:1      | Reached XP level 2. HP: 25/27 MP: 1/1
   567 | D:2      | Reached XP level 3. HP: 23/33 MP: 2/2
   824 | D:2      | Reached XP level 4. HP: 33/40 MP: 3/3
  1119 | D:2      | You fall through a shaft!
  1216 | D:3      | Found a bloodstained altar of Trog.
  1217 | D:3      | Found a blossoming altar of Fedhas.
  1219 | D:3      | Found a glowing golden altar of the Shining One.
  1828 | D:3      | Reached XP level 5. HP: 31/47 MP: 4/4
  1881 | D:3      | Became a worshipper of Trog the Wrathful
  1992 | D:4      | Noticed Eustachio
  2027 | D:5      | Entered Level 5 of the Dungeon
  2156 | D:5      | Noticed a phantom
  2199 | D:5      | Killed a phantom
  2199 | D:5      | Reached skill level 5 in Maces & Flails
  2199 | D:5      | Reached skill level 1 in Dodging
  2199 | D:5      | Reached XP level 6. HP: 21/53 MP: 5/5
  2432 | D:5      | Reached skill level 5 in Shields
  2855 | D:4      | Found a stormy altar of Qazlal.
  2880 | D:3      | Reached skill level 5 in Armour
  3435 | D:4      | HP: 2/53 [ufetubus[Eustachio] (1)]
  3435 | D:4      | Slain by a river rat

Skill      XL: |  1  2  3  4  5  6 |
---------------+-------------------+-----
Armour         | 4 5 |  5.0
Fighting       | 4 |  4.6
Shields        | 4 5 |  5.0
Maces & Flails | 3 4 5 |  5.4
Dodging        | 1 |  1.3

Action                   |  1- 3 |  4- 6 || total
-------------------------+-------+-------++-------
Melee: Flail             |    72 |   159 ||   231
       Headbutt          |    12 |    26 ||    38
  Eat: Chunk             |       |     6 ||     6
       Ration            |       |     1 ||     1
Armor: Scale mail        |    27 |    75 ||   102
Dodge: Dodged            |    21 |    67 ||    88
Block: Shield            |    37 |    95 ||   132
